 Dungeon Crawl Stone Soup version 0.30-a0-739-gea05faddec (webtiles) character file.

Game seed: 144261359887757399

132 epen the Charlatan (level 5, -6/40 HPs)
             Began as a Gnoll Artificer on Feb 4, 2023.
             Mangled by Crazy Yiuf
             ... wielding a +4 quarterstaff of chaos
              (11 damage)
             ... on level 2 of the Dungeon.
             The game lasted 00:03:11 (2090 turns).

epen the Charlatan (Gnoll Artificer)                Turns: 2090, Time: 00:03:11

Health: -6/40      AC:  4    Str: 14    XL:     5   Next: 15%
Magic:  7/7        EV: 12    Int: 10    God:
Gold:   127        SH:  0    Dex: 12    Spells: 6/6 levels left

rFire   . . .      SeeInvis .    n - +0 short sword
rCold   . . .      Faith    .    (no shield)
rNeg    . . .      Spirit   .    b - +0 leather armour
rPois   .          Reflect  .    g - +0 helmet
rElec   .          Harm     .    (no cloak)
rCorr   .          Rampage  .    (no gloves)
Will    .....                    (no boots)
Stlth   ++                       (no amulet)
HPRegen 0.26/turn                (no ring)
MPRegen 0.10/turn                (no ring)

@: about to teleport
A: fangs 1, strong nose, distributed training
a: no special abilities


You were on level 2 of the Dungeon.
You visited 1 branch of the dungeon, and saw 2 of its levels.

You collected 127 gold pieces.

Inventory:

Hand Weapons
 a - a +0 club
 n - a +0 short sword (weapon)
Armour
 b - a +0 leather armour (worn)
 g - a +0 helmet (worn)
Magical Staves
 p - a staff of fire
Jewellery
 j - a ring of wizardry
Wands
 c - a wand of flame (6) (quivered)
 d - a wand of charming (15)
 e - a wand of iceblast (3)
Scrolls
 f - a scroll of teleportation
 h - 2 scrolls of identify {unknown}
 k - a scroll of immolation {unknown}
Potions
 l - a potion of berserk rage {unknown}
 m - a potion of lignification {unknown}
 o - 2 potions of cancellation {unknown}


   Skills:
 + Level 2.9 Fighting
 + Level 1.4 Short Blades
 + Level 1.4 Long Blades
 + Level 1.4 Axes
 + Level 1.4 Maces & Flails
 + Level 1.4 Polearms
 + Level 1.4 Staves
 + Level 1.4 Ranged Weapons
 + Level 1.4 Throwing
 + Level 4.7 Armour
 + Level 2.9 Dodging
 + Level 2.7 Stealth
 + Level 1.4 Shields
 + Level 1.4 Unarmed Combat
 + Level 1.4 Spellcasting
 + Level 1.1 Conjurations
 + Level 1.1 Hexes
 + Level 1.1 Summonings
 + Level 1.1 Necromancy
 + Level 1.1 Translocations
 + Level 1.1 Transmutations
 + Level 1.1 Fire Magic
 + Level 1.1 Ice Magic
 + Level 1.1 Air Magic
 + Level 1.1 Earth Magic
 + Level 1.1 Poison Magic
 + Level 1.6 Invocations
 + Level 6.7 Evocations


You had 6 spell levels left.
You didn't know any spells.
Your spell library contained the following spells:

 Spells                   Type           Power      Damage    Failure   Level
 Freeze                   Ice            12%        1d3       26%         1
 Frozen Ramparts          Ice            6%         1d1       58%         3
 Hailstorm                Conj/Ice       3%         3d3       58%         3


Dungeon Overview and Level Annotations

Branches:
Dungeon (2/15)

Altars:

Annotations:
D:2 Crazy Yiuf


Innate Abilities, Weirdness & Mutations

You have very sharp teeth.
Your uncanny sense of smell can sniff out nearby items.
Your experience applies equally to all skills.


Message History

The jackal is severely wounded.
The jackal bites you but does no damage.
You hit the jackal but do no damage. Your bite misses the jackal.
The jackal is severely wounded.
The jackal bites you but does no damage.
You closely miss the jackal. You bite the jackal, but do no damage.
The jackal is severely wounded.
The jackal bites you but does no damage.
The jackal bites you.
You hit the jackal.
You kill the jackal!
No target in view!
No target in view!
There is a stone staircase leading down here.
There is a stone staircase leading down here.
Crazy Yiuf shouts!
You open the door.
Aiming: Throw Flame
Press: ? - help, Shift-Dir - straight line, f - Crazy Yiuf
Aim: Crazy Yiuf, wielding a +4 quarterstaff of chaos and wearing a +0 cloak (77% to hit)
The puff of flame hits Crazy Yiuf.
Crazy Yiuf is lightly wounded.
Aiming: Throw Flame
Press: ? - help, Shift-Dir - straight line, f/p - Crazy Yiuf
Aim: Crazy Yiuf, wielding a +4 quarterstaff of chaos and wearing a +0 cloak (lightly wounded, 77% to hit)
The puff of flame misses Crazy Yiuf.
Crazy Yiuf hits you with a +4 quarterstaff of chaos!
You are lethally poisoned!
It was a potion of curing.
You feel better.
Crazy Yiuf says, "Blight!
Tonal tea pontify."
Crazy Yiuf hits you with a +4 quarterstaff of chaos!
As you read the scroll labelled AXAYTU OFEOMP, it crumbles to dust.
You feel strangely unstable.
It was a scroll of teleportation.
Crazy Yiuf hits you with a +4 quarterstaff of chaos!
* * * LOW HITPOINT WARNING * * *
Crazy Yiuf burns you.
* * * LOW HITPOINT WARNING * * *
Crazy Yiuf attacks as you move away!
Crazy Yiuf hits you with a +4 quarterstaff of chaos!
You die...

......................#
#.###
#######.#.#.###########
#.# # #.....# #.# #####
#..#### ##.# ..†.# #.##
#..# .##.###.#
♣♣♣♣♣###.# .#...<..#
### ♣♣♣.♣...+..#
.#..###.##
#...#♣..♣.......#
......#..#
#...g@♣♣♣♣......#
.#....#.## #)..#♣♣
♣♣..+.## .#....#.## ###
♣♣#### .........#
.###...###
.###...#######
..........##.#
..####.##.##.# ..#
#.......#


You could see Crazy Yiuf.

Vanquished Creatures
  2 orc wizards (D:2)
  An iguana (D:2)
  An adder (D:2)
  A worm (D:2)
  A dart slug (D:1)
  3 orcs (D:2)
  4 endoplasms
  2 giant cockroaches
  5 goblins
  3 hobgoblins
  3 jackals
  A quokka (D:1)
  2 ball pythons
  3 bats
  A frilled lizard (D:1)
  3 kobolds
  4 rats
40 creatures vanquished.

Vanquished Creatures (others)
  3 plants (D:1)
3 creatures vanquished.

Grand Total: 43 creatures vanquished

Notes
Turn   | Place    | Note
-------+----------+-------------------------------------------
     0 | D:1      | epen the Gnoll Artificer began the quest for the Orb.
     0 | D:1      | Reached XP level 1. HP: 17/17 MP: 1/1
   202 | D:1      | Reached XP level 2. HP: 22/23 MP: 2/2
  1140 | D:2      | Reached XP level 3. HP: 24/28 MP: 3/3
  1141 | D:2      | Reached skill level 1 in Short Blades
  1141 | D:2      | Reached skill level 1 in Long Blades
  1141 | D:2      | Reached skill level 1 in Axes
  1141 | D:2      | Reached skill level 1 in Maces & Flails
  1141 | D:2      | Reached skill level 1 in Polearms
  1141 | D:2      | Reached skill level 1 in Staves
  1141 | D:2      | Reached skill level 1 in Ranged Weapons
  1141 | D:2      | Reached skill level 1 in Throwing
  1141 | D:2      | Reached skill level 1 in Shields
  1141 | D:2      | Reached skill level 1 in Unarmed Combat
  1141 | D:2      | Reached skill level 1 in Spellcasting
  1141 | D:2      | Reached skill level 1 in Invocations
  1141 | D:2      | Reached XP level 4. HP: 30/34 MP: 3/5
  1193 | D:2      | Reached skill level 1 in Conjurations
  1193 | D:2      | Reached skill level 1 in Hexes
  1193 | D:2      | Reached skill level 1 in Summonings
  1193 | D:2      | Reached skill level 1 in Necromancy
  1193 | D:2      | Reached skill level 1 in Translocations
  1193 | D:2      | Reached skill level 1 in Transmutations
  1193 | D:2      | Reached skill level 1 in Fire Magic
  1193 | D:2      | Reached skill level 1 in Ice Magic
  1193 | D:2      | Reached skill level 1 in Air Magic
  1193 | D:2      | Reached skill level 1 in Earth Magic
  1193 | D:2      | Reached skill level 1 in Poison Magic
  1541 | D:2      | Reached XP level 5. HP: 40/40 MP: 5/7
  1844 | D:2      | Found a runed translucent door.
  1845 | D:2      | Noticed Crazy Yiuf
  2090 | D:2      | Mangled by Crazy Yiuf

Illustrated notes

Levels and vault maps discovered:
D:1:      psy_arrival_radial01, layout_basic, serial_forest,
          infiniplex_forest_clump_diagonal, infiniplex_forest_clump_diagonal,
          infiniplex_forest_clump_C, infiniplex_forest_lined_3,
          infiniplex_forest_clump_tiny, chequers_decorated_corner,
          chequers_serial_rivers_small_b, fountainhead
D:2:      layout_loops_cross, minmay_surrounded, uniq_crazy_yiuf_cottage

Skill      XL: |  1  2  3  4 |
---------------+-------------+-----
Short Blades   | 1 |  1.4
Long Blades    | 1 |  1.4
Axes           | 1 |  1.4
Maces & Flails | 1 |  1.4
Polearms       | 1 |  1.4
Staves         | 1 |  1.4
Ranged Weapons | 1 |  1.4
Throwing       | 1 |  1.4
Shields        | 1 |  1.4
Unarmed Combat | 1 |  1.4
Spellcasting   | 1 |  1.4
Invocations    | 1 |  1.6
Conjurations   | 1 |  1.1
Hexes          | 1 |  1.1
Summonings     | 1 |  1.1
Necromancy     | 1 |  1.1
Translocations | 1 |  1.1
Transmutations | 1 |  1.1
Fire Magic     | 1 |  1.1
Ice Magic      | 1 |  1.1
Air Magic      | 1 |  1.1
Earth Magic    | 1 |  1.1
Poison Magic   | 1 |  1.1
Fighting       | |  2.9
Armour         | |  4.7
Dodging        | |  2.9
Stealth        | |  2.7
Evocations     | |  6.7

Action                     |  1- 3 |  4- 6 || total
---------------------------+-------+-------++-------
  Melee: Club              |    92 |    61 ||   153
         Bite              |    10 |    12 ||    22
         Short sword       |       |    27 ||    27
  Evoke: Wand              |     3 |     8 ||    11
    Use: Scroll            |       |     1 ||     1
         Potion            |       |     1 ||     1
 Armour: Leather armour    |    35 |    27 ||    62
  Dodge: Dodged            |    76 |    62 ||   138

Table legend: (Time is in decaauts)
 A = Elapsed time spent in this place.
 B = Non-inter-level travel time spent in this place.
 C = Inter-level travel time spent in this place.
 D = Time resting spent in this place.
 E = Time spent auto-exploring this place.
 F = Levels seen in this place.
 G = Mean time per level.
                   A        B        C        D        E       F      G
               +--------+--------+--------+--------+--------+-----+--------+
         Total |   2128 |   2083 |     45 |     24 |   1636 |   2 | 1064.0 |
       Dungeon |   2128 |   2083 |     45 |     24 |   1636 |   2 | 1064.0 |
               +--------+--------+--------+--------+--------+-----+--------+

Top non-repeatable levels by time:
     D:1: 1112 daAuts
     D:2: 1016 daAuts
